| TOP OF THE 1ST |
|
New York Yankees batting - Pitching for Texas Rangers : RHP Gavin Nelson
|
|
Pitching: RHP Gavin Nelson
|
|
|
Batting: RHB Russ Shambaugh
|
0-0: Ball 1-0: Ball 2-0: Ground out 6-3 (Groundball, 6, EV 79.4 MPH)
|
|
Batting: RHB Jeckel Hester
|
0-0: Ball 1-0: Called Strike 1-1: Ball 2-1: Fly out, F9 (Flyball, 9S, EV 83.1 MPH)
|
|
Batting: SHB Bartholomeu Chambino
|
0-0: Ball 1-0: Swinging Strike 1-1: Ball 2-1: Ball 3-1: Foul Ball, location: 2F 3-2: Strikes out swinging
|
| Top of the 1st over - 0 runs, 0 hits, 0 errors, 0 left on base; New York 0 - Texas 0 |
| BOTTOM OF THE 1ST |
|
Texas Rangers batting - Pitching for New York Yankees : RHP Bryce Cleavinger
|
|
Pitching: RHP Bryce Cleavinger
|
|
|
Batting: RHB Imbart Faber
|
0-0: Ground out 6-3 (Groundball, 6, EV 104.4 MPH)
|
|
Batting: SHB Rich Chavez
|
0-0: Called Strike 0-1: Ball 1-1: Fly out, F8 (Flyball, 8RS, EV 87.5 MPH)
|
|
Batting: RHB Zhao-ji Chi
|
0-0: Ball 1-0: Called Strike 1-1: Foul Ball, location: 2F 1-2: Strikes out swinging
|
| Bottom of the 1st over - 0 runs, 0 hits, 0 errors, 0 left on base; New York 0 - Texas 0 |
| TOP OF THE 2ND |
|
New York Yankees batting - Pitching for Texas Rangers : RHP Gavin Nelson
|
|
Batting: SHB Gus Berry
|
0-0: Ground out 4-3 (Groundball, 4MD, EV 110.0 MPH)
|
|
Batting: SHB Mukhtar Wa'il
|
0-0: Swinging Strike 0-1: Foul Ball, location: 2F 0-2: Ball 1-2: Strikes out swinging
|
|
Batting: RHB Shiro Suehiro
|
0-0: Ball 1-0: Foul Ball, location: 2F 1-1: Foul Ball, location: 2F 1-2: SOLO HOME RUN (Flyball, 7D, EV 98.8 MPH), Distance : 405 ft
|
|
Batting: RHB Larry Martell
|
0-0: Called Strike 0-1: Foul Ball, location: 2F 0-2: Ball 1-2: Ground out 5-3 (Groundball, 56, EV 98.1 MPH)
|
| Top of the 2nd over - 1 run, 1 hit, 0 errors, 0 left on base; New York 1 - Texas 0 |
| BOTTOM OF THE 2ND |
|
Texas Rangers batting - Pitching for New York Yankees : RHP Bryce Cleavinger
|
|
Batting: SHB John Giesbrecht
|
0-0: Ball 1-0: Foul Ball, location: 2F 1-1: Fly out, F5 (Popup, 56S, EV 83.8 MPH)
|
|
Batting: RHB Blake Ballard
|
0-0: Ball 1-0: DOUBLE (Flyball, 89D, EV 112.5 MPH)
|
|
Batting: LHB Jake Rheaume
|
0-0: Foul Ball, location: 2F 0-1: SINGLE (Groundball, 34D, EV 105.0 MPH) Blake Ballard to third Runner from 3rd tries for Home, SAFE, throw by RF to home
|
|
Batting: SHB Tony Prado
|
0-0: Foul Ball, location: 2F 0-1: Foul Ball, location: 2F 0-2: Ball 1-2: Ball 2-2: Ball 3-2: Fly out, F8 (Flyball, 8RXD, EV 101.2 MPH)
|
|
Batting: RHB John Peterson
|
0-0: Ball 1-0: Ball 2-0: Ball 3-0: Called Strike 3-1: Base on Balls Jake Rheaume to second
|
|
Batting: SHB Vince Ealy
|
0-0: Swinging Strike 0-1: Ball 1-1: Ball 2-1: Foul Ball, location: 2F 2-2: Reached on error, E6 (Groundball, 6, EV 88.1 MPH) Jake Rheaume to third John Peterson to second
|
|
Batting: RHB Imbart Faber
|
0-0: Swinging Strike 0-1: Ball 1-1: Foul Ball, location: 2F 1-2: Strikes out looking
|
| Bottom of the 2nd over - 1 run, 2 hits, 1 error, 3 left on base; New York 1 - Texas 1 |
| TOP OF THE 3RD |
|
New York Yankees batting - Pitching for Texas Rangers : RHP Gavin Nelson
|
|
Batting: RHB Geni Prawiranega
|
0-0: Foul Ball, location: 2F 0-1: Ball 1-1: Ball 2-1: Foul Ball, location: 2F 2-2: SOLO HOME RUN (Line Drive, 78XD, EV 105.0 MPH), Distance : 409 ft
|
|
Batting: LHB Dan Morris
|
0-0: Ball 1-0: Called Strike 1-1: Ball 2-1: Foul Ball, location: 2F 2-2: Strikes out looking
|
|
Batting: RHB Russ Shambaugh
|
0-0: Called Strike 0-1: Ball 1-1: Ball 2-1: SINGLE (Groundball, 4MS, EV 61.9 MPH) (infield hit)
|
|
Batting: RHB Jeckel Hester
|
0-0: Called Strike 0-1: Grounds into double play, 6-4-3 (Groundball, 6, EV 86.9 MPH)
|
| Top of the 3rd over - 1 run, 2 hits, 0 errors, 0 left on base; New York 2 - Texas 1 |
| BOTTOM OF THE 3RD |
|
Texas Rangers batting - Pitching for New York Yankees : RHP Bryce Cleavinger
|
|
Batting: SHB Rich Chavez
|
0-0: DOUBLE (Line Drive, 78D, EV 107.5 MPH)
|
|
Batting: RHB Zhao-ji Chi
|
0-0: Ground out 4-3 (Groundball, 4, EV 86.2 MPH) Rich Chavez to third
|
|
Batting: SHB John Giesbrecht
|
0-0: Called Strike 0-1: SINGLE (Groundball, 34D, EV 109.4 MPH) Rich Chavez scores
|
|
Batting: RHB Blake Ballard
|
0-0: Called Strike 0-1: DOUBLE (Line Drive, 9LS, EV 103.8 MPH) John Giesbrecht to third
|
|
Batting: LHB Jake Rheaume
|
0-0: Ball 1-0: Ground out 1-3 (Groundball, 13S, EV 67.5 MPH)
|
|
Batting: SHB Tony Prado
|
0-0: Swinging Strike 0-1: Foul Ball, location: 2F 0-2: Ball 1-2: Ball 2-2: Strikes out looking
|
| Bottom of the 3rd over - 1 run, 3 hits, 0 errors, 2 left on base; New York 2 - Texas 2 |
| TOP OF THE 4TH |
|
New York Yankees batting - Pitching for Texas Rangers : RHP Gavin Nelson
|
|
Batting: SHB Bartholomeu Chambino
|
0-0: Swinging Strike 0-1: SOLO HOME RUN (Flyball, 7LD, EV 91.9 MPH), Distance : 352 ft
|
|
Batting: SHB Gus Berry
|
0-0: Ball 1-0: Swinging Strike 1-1: Foul Ball, location: 2F 1-2: Ground out 6-3 (Groundball, 6, EV 101.9 MPH)
|
|
Batting: SHB Mukhtar Wa'il
|
0-0: Foul Ball, location: 2F 0-1: Ball 1-1: Swinging Strike 1-2: Ball 2-2: Foul Ball, location: 2F 2-2: Foul Ball, location: 2F 2-2: Strikes out looking
|
|
Batting: RHB Shiro Suehiro
|
0-0: Called Strike 0-1: Foul Ball, location: 2F 0-2: Fly out, F6 (Popup, 6M, EV 68.1 MPH)
|
| Top of the 4th over - 1 run, 1 hit, 0 errors, 0 left on base; New York 3 - Texas 2 |
| BOTTOM OF THE 4TH |
|
Texas Rangers batting - Pitching for New York Yankees : RHP Bryce Cleavinger
|
|
Batting: RHB John Peterson
|
0-0: DOUBLE (Flyball, 8LXD, EV 99.4 MPH)
|
|
Batting: SHB Vince Ealy
|
0-0: Ball 1-0: Ball 2-0: Ball 3-0: Called Strike 3-1: Foul Ball, location: 2F 3-2: SINGLE (Groundball, 3D, EV 103.1 MPH) John Peterson to third
|
|
Batting: RHB Imbart Faber
|
0-0: Called Strike 0-1: Foul Ball, location: 2F 0-2: Ball 1-2: SINGLE (Groundball, 34D, EV 100.0 MPH) John Peterson scores Vince Ealy to second Runner from 2nd tries for 3rd, OUT! 9-5
|
|
Batting: SHB Rich Chavez
|
0-0: Ball 1-0: DOUBLE (Line Drive, 3D, EV 94.4 MPH) Imbart Faber to third Runner from 3rd tries for Home, throw by RF and OUT! 9-2
|
|
Batting: RHB Zhao-ji Chi
|
0-0: Called Strike 0-1: Called Strike 0-2: Ball 1-2: SINGLE (Line Drive, 78S, EV 106.2 MPH) Rich Chavez to third
|
|
Batting: SHB John Giesbrecht
|
0-0: Called Strike 0-1: Ball 1-1: Called Strike Zhao-ji Chi is caught stealing 2nd base 2-6
|
| Bottom of the 4th over - 1 run, 5 hits, 0 errors, 1 left on base; New York 3 - Texas 3 |
| TOP OF THE 5TH |
|
New York Yankees batting - Pitching for Texas Rangers : RHP Gavin Nelson
|
|
Batting: RHB Larry Martell
|
0-0: Ball 1-0: Foul Ball, location: 2F 1-1: Swinging Strike 1-2: Strikes out swinging
|
|
Batting: RHB Geni Prawiranega
|
0-0: Ball 1-0: Ball 2-0: DOUBLE (Line Drive, 78D, EV 94.4 MPH)
|
|
Batting: LHB Dan Morris
|
0-0: Called Strike 0-1: Swinging Strike 0-2: Ball 1-2: Strikes out looking
|
|
Batting: RHB Russ Shambaugh
|
0-0: Ball 1-0: Ground out 4-3 (Groundball, 4, EV 108.8 MPH)
|
| Top of the 5th over - 0 runs, 1 hit, 0 errors, 1 left on base; New York 3 - Texas 3 |
| BOTTOM OF THE 5TH |
|
Texas Rangers batting - Pitching for New York Yankees : RHP Bryce Cleavinger
|
|
Batting: SHB John Giesbrecht
|
0-0: Called Strike 0-1: Ball 1-1: Ball 2-1: Foul Ball, location: 2F 2-2: Foul Ball, location: 2F 2-2: Fly out, F8 (Line Drive, 78M, EV 92.5 MPH)
|
|
Batting: RHB Blake Ballard
|
0-0: Ball 1-0: Ball 2-0: Foul Ball, location: 2F 2-1: Ball 3-1: Foul Ball, location: 2F 3-2: Ground out 6-3 (Groundball, 6, EV 111.9 MPH)
|
|
Batting: LHB Jake Rheaume
|
0-0: Ground out 4-3 (Groundball, 4, EV 83.1 MPH)
|
| Bottom of the 5th over - 0 runs, 0 hits, 0 errors, 0 left on base; New York 3 - Texas 3 |
| TOP OF THE 6TH |
|
New York Yankees batting - Pitching for Texas Rangers : RHP Gavin Nelson
|
|
Batting: RHB Jeckel Hester
|
0-0: Called Strike 0-1: Swinging Strike 0-2: DOUBLE (Line Drive, 89D, EV 111.2 MPH)
|
|
Batting: SHB Bartholomeu Chambino
|
0-0: Ball 1-0: Ground out 3-1 (Groundball, 34S, EV 86.9 MPH) Jeckel Hester to third
|
|
Pitching: RHP Gilberto Dominguez
|
|
|
Batting: SHB Gus Berry
|
0-0: Ball 1-0: Ball 2-0: Ball 3-0: Base on Balls
|
|
Batting: SHB Mukhtar Wa'il
|
0-0: Swinging Strike 0-1: Ball 1-1: Swinging Strike 1-2: Strikes out swinging
|
|
Batting: RHB Shiro Suehiro
|
0-0: Called Strike 0-1: Ball 1-1: Foul Ball, location: 2F 1-2: Ground out 6-3 (Groundball, 6S, EV 86.9 MPH)
|
| Top of the 6th over - 0 runs, 1 hit, 0 errors, 2 left on base; New York 3 - Texas 3 |
| BOTTOM OF THE 6TH |
|
Texas Rangers batting - Pitching for New York Yankees : RHP Bryce Cleavinger
|
|
Batting: SHB Tony Prado
|
0-0: Ball 1-0: Fly out, F8 (Flyball, 8RM, EV 94.4 MPH)
|
|
Batting: RHB John Peterson
|
0-0: Foul Ball, location: 2F 0-1: Ball 1-1: DOUBLE (Line Drive, 89M, EV 111.2 MPH)
|
|
Batting: SHB Vince Ealy
|
0-0: Ball 1-0: Called Strike 1-1: Ball 2-1: Swinging Strike 2-2: Foul Ball, location: 2F 2-2: 2-RUN HOME RUN (Flyball, 9D, EV 100.0 MPH), Distance : 395 ft
|
|
Pitching: RHP Tim Catalano
|
|
|
Batting: RHB Imbart Faber
|
0-0: Ball 1-0: Ball 2-0: Called Strike 2-1: Foul Ball, location: 2F 2-2: SINGLE (Line Drive, 4M, EV 96.2 MPH)
|
|
Batting: SHB Rich Chavez
|
0-0: Foul Ball, location: 2F 0-1: Called Strike 0-2: Foul Ball, location: 2F 0-2: Ball 1-2: Strikes out looking
|
|
Batting: RHB Zhao-ji Chi
|
0-0: Called Strike 0-1: Ball 1-1: Ground out 5-3 (Groundball, 5S, EV 67.5 MPH)
|
| Bottom of the 6th over - 2 runs, 3 hits, 0 errors, 1 left on base; New York 3 - Texas 5 |
| TOP OF THE 7TH |
|
New York Yankees batting - Pitching for Texas Rangers : RHP Gilberto Dominguez
|
|
Pitching: RHP Mark Lopez
|
|
|
Batting: RHB Larry Martell
|
0-0: Ball 1-0: DOUBLE (Line Drive, 3D, EV 98.8 MPH)
|
|
Batting: RHB Geni Prawiranega
|
0-0: Called Strike 0-1: Foul Ball, location: 2F 0-2: Strikes out swinging
|
|
Batting: LHB Dan Morris
|
0-0: Ground out 5-3 (Groundball, 5, EV 87.5 MPH)
|
|
Batting: RHB Russ Shambaugh
|
0-0: Ball 1-0: Foul Ball, location: 2F 1-1: Ball 2-1: Foul Ball, location: 2F 2-2: Strikes out looking
|
| Top of the 7th over - 0 runs, 1 hit, 0 errors, 1 left on base; New York 3 - Texas 5 |
| BOTTOM OF THE 7TH |
|
Texas Rangers batting - Pitching for New York Yankees : RHP Tim Catalano
|
|
Batting: SHB John Giesbrecht
|
0-0: Ball 1-0: Called Strike 1-1: Ball 2-1: Foul Ball, location: 2F 2-2: Foul Ball, location: 2F 2-2: Strikes out swinging
|
|
Batting: RHB Blake Ballard
|
0-0: Called Strike 0-1: Ball 1-1: Called Strike 1-2: Strikes out swinging
|
|
Batting: LHB Jake Rheaume
|
0-0: SINGLE (Groundball, 4MD, EV 96.9 MPH)
|
|
Batting: SHB Tony Prado
|
0-0: Ball 1-0: Ball 2-0: Called Strike 2-1: Swinging Strike 2-2: Strikes out swinging
|
| Bottom of the 7th over - 0 runs, 1 hit, 0 errors, 1 left on base; New York 3 - Texas 5 |
| TOP OF THE 8TH |
|
New York Yankees batting - Pitching for Texas Rangers : RHP Mark Lopez
|
|
Batting: RHB Jeckel Hester
|
0-0: SINGLE (Groundball, 6MD, EV 96.2 MPH)
|
|
Batting: SHB Bartholomeu Chambino
|
0-0: Called Strike 0-1: Ball 1-1: Foul Ball, location: 2F 1-2: Ball 2-2: Strikes out swinging
|
|
Batting: SHB Gus Berry
|
0-0: Foul Ball, location: 2F 0-1: Ball 1-1: Ball 2-1: DOUBLE (Line Drive, 5D, EV 101.2 MPH) Jeckel Hester to third Runner from 3rd tries for Home, throw by LF and OUT! 7-6-2
|
|
Batting: SHB Mukhtar Wa'il
|
0-0: Called Strike 0-1: Fly out, F7 (Flyball, 7D, EV 105.6 MPH)
|
| Top of the 8th over - 0 runs, 2 hits, 0 errors, 1 left on base; New York 3 - Texas 5 |
| BOTTOM OF THE 8TH |
|
Texas Rangers batting - Pitching for New York Yankees : RHP Tim Catalano
|
|
Pitching: RHP Isaias Chavez
|
|
|
Batting: RHB John Peterson
|
0-0: Ball 1-0: SINGLE (Groundball, 56, EV 94.4 MPH)
|
|
Batting: SHB Vince Ealy
|
0-0: Bunted foul 0-1: Sac Bunt to 15S - play at first, batter OUT! 1-3 John Peterson to second
|
|
Batting: RHB Imbart Faber
|
0-0: Called Strike 0-1: Swinging Strike 0-2: Strikes out swinging
|
|
Batting: SHB Rich Chavez
|
0-0: Intentional Walk
|
|
Batting: RHB Zhao-ji Chi
|
0-0: Foul Ball, location: 2F 0-1: Called Strike 0-2: Ball 1-2: Ball 2-2: Ball 3-2: Base on Balls John Peterson to third Rich Chavez to second
|
|
Batting: SHB John Giesbrecht
|
0-0: Fly out, F8 (Line Drive, 78M, EV 95.0 MPH)
|
| Bottom of the 8th over - 0 runs, 1 hit, 0 errors, 3 left on base; New York 3 - Texas 5 |
| TOP OF THE 9TH |
|
New York Yankees batting - Pitching for Texas Rangers : RHP Mark Lopez
|
|
Pitching: RHP Mike Webb
|
|
|
Batting: RHB Shiro Suehiro
|
0-0: Called Strike 0-1: Foul Ball, location: 2F 0-2: Strikes out swinging
|
|
Batting: RHB Larry Martell
|
0-0: Called Strike 0-1: Called Strike 0-2: Foul Ball, location: 2F 0-2: Ball 1-2: Foul Ball, location: 2F 1-2: Ball 2-2: Ball 3-2: DOUBLE (Line Drive, 78M, EV 108.8 MPH)
|
|
Batting: RHB Geni Prawiranega
|
0-0: Called Strike 0-1: Ball 1-1: Called Strike 1-2: SINGLE (Line Drive, 56D, EV 103.8 MPH) Larry Martell to third
|
|
Batting: LHB Dan Morris
|
0-0: Called Strike 0-1: Ball 1-1: Foul Ball, location: 2F 1-2: Strikes out swinging
|
|
Batting: RHB Russ Shambaugh
|
0-0: Ground out 1-3 (Groundball, 13S, EV 71.9 MPH)
|
| Top of the 9th over - 0 runs, 2 hits, 0 errors, 2 left on base; New York 3 - Texas 5 |
|